 Dungeon Crawl Stone Soup version 0.25-a0-566-g062765be81 (webtiles) character file.

Game seed: 12482114027481102783, levelgen mode: classic

5361 EnegeticOcto the Fanfare of Bloodshed (level 10, -9/144 HPs)
             Began as a Deep Dwarf Fighter on Feb 27, 2020.
             Was a Believer of Makhleb.
             Mangled by a death yak (14 damage)
             ... on level 8 of the Dungeon.
             The game lasted 00:04:01 (3160 turns).

EnegeticOcto the Fanfare of Bloodshed (DDFi)        Turns: 3160, Time: 00:04:02

Health: -9/144     AC: 13    Str: 22    XL:     10   Next: 39%
Magic:  10/11      EV:  7    Int: 10    God:    Makhleb [**....]
Gold:   269        SH: 12    Dex: 12    Spells: 9/9 levels left

rFire    . . .     SeeInvis .   a - +1 war axe
rCold    . . .     Gourm    .   c - +1 kite shield
rNeg     . . .     Faith    .   y - +0 chain mail
rPois    .         Spirit   .   (no helmet)
rElec    .         Reflect  .   t - +0 cloak {MR+}
rCorr    .         Harm     .   b - +0 pair of gloves
MR       ++...                  (no boots)
Stlth    ..........             (no amulet)
HPRegen  0.00/turn              (no ring)
MPRegen  0.12/turn              (no ring)

@: berserking (expiring), non-regenerating, very quick
A: damage resistance, heal wounds, deterioration 1, sense surroundings 2, wild
magic 1, no regeneration
a: Heal Wounds, Minor Destruction, Renounce Religion


You were on level 8 of the Dungeon.
You worshipped Makhleb.
Makhleb was pleased with you.
You were not hungry.

You visited 2 branches of the dungeon, and saw 9 of its levels.
You visited the Abyss 1 time.
You also visited: Ossuary.

You collected 269 gold pieces.

Inventory:

Hand Weapons
 a - a +1 war axe (weapon)
Armour
 b - a +0 pair of gloves (worn)
 c - a +1 kite shield (worn)
 t - a +0 cloak of magic resistance (worn)
 y - a +0 chain mail (worn)
Wands
 s - a wand of paralysis (1)
 u - a wand of acid (3) {@v1}
Scrolls
 g - 2 scrolls of enchant armour
 h - 2 scrolls of fear
 i - a scroll of immolation {@r4}
 v - a scroll of magic mapping {@r5}
 w - a scroll of enchant weapon
 x - 2 scrolls of identify {@r1}
Potions
 j - 3 potions of stabbing {@q5}
 k - a potion of might {@q3}
 m - a potion of ambrosia
 n - 4 potions of haste {@q4}
 o - a potion of berserk rage
 q - 2 potions of flight
 r - 2 potions of heal wounds {@q2}
Miscellaneous
 d - a phantom mirror
Comestibles
 e - 5 rations


   Skills:
 * Level 7.8 Fighting
 * Level 8.9 Axes
 + Level 6.8 Armour
 - Level 1.6 Dodging
 + Level 6.9 Shields
 * Level 9.4 Invocations


You had 9 spell levels left.
You didn't know any spells.
Your spell library was empty.

Dungeon Overview and Level Annotations

Branches:
Dungeon (8/15)             Temple (1/1) D:4            Lair (0/6) D:8
Ossuary (visited)

Altars:
Dithmenos
Elyvilon
Makhleb

Shops:
D:6 =   D:8 (

Annotations:
D:5 2 transporters, Flugslaktarn's ghost, amateur DDFi


Innate Abilities, Weirdness & Mutations

You are resistant to damage.
You can heal yourself by infusing magical energy.
You passively map the area around you.
You do not regenerate.
Your body sometimes deteriorates upon taking damage.
Your spells are a little harder to cast, but a little more powerful.


Message History

A hell rat comes into view.
The two-headed ogre hits you but does no damage.
You block the two-headed ogre's attack. The death yak gores you!!
The death yak gores you but does no damage.
You slash the two-headed ogre!
The two-headed ogre is lightly wounded.
You hit the death yak but do no damage. You slash the death yak!
You slash the wyvern zombie! You block the wyvern zombie's attack.
The death yak gores you but does no damage.
A rat comes into view.
You slice the wyvern zombie!!
The wyvern zombie is almost destroyed.
You hit the death yak but do no damage. You hit the death yak.
You hit the two-headed ogre. You block the death yak's attack.
The two-headed ogre barely misses you.
The two-headed ogre hits you but does no damage.
You slash the two-headed ogre!
The two-headed ogre is moderately wounded.
You slash the hippogriff!
You hit the death yak. x2; The death yak gores you!
An orc priest comes into view. It is wielding a +0 dagger.
The death yak snorts and paws the ground.
The death yak gores you!
The orc priest shouts!
You slash the two-headed ogre!
The two-headed ogre is heavily wounded.
You hit the death yak. You slash the death yak! You hit the hippogriff.
You block the two-headed ogre's attack. The two-headed ogre closely misses you.
The death yak gores you!!
An orc comes into view. It is wielding a +0 flail.
The death yak gores you.
You are too injured to fight recklessly!
You are too injured to fight recklessly!
You are too injured to fight recklessly!
You are too injured to fight recklessly!
You are too injured to fight recklessly!
You are too injured to fight recklessly!
You are too injured to fight recklessly!
You are too injured to fight recklessly!
You are too injured to fight recklessly!
You are too injured to fight recklessly!
You are too injured to fight recklessly!
You are too injured to fight recklessly!
You are too injured to fight recklessly!
You are too injured to fight recklessly!
You are too injured to fight recklessly!
You are too berserk!
You are too injured to fight recklessly!
You are too injured to fight recklessly!
You are too injured to fight recklessly!
You are too injured to fight recklessly!
You are too injured to fight recklessly!
You are too injured to fight recklessly!
You hit the two-headed ogre.
The two-headed ogre is severely wounded.
You slash the death yak! You hit the death yak.
You completely miss the hippogriff.
The hippogriff bites you but does no damage.
You block the hippogriff's attack.
The hippogriff claws you but does no damage.
An orc priest comes into view. It is wielding a +0 hand axe.
The orc priest shouts!
You slash the two-headed ogre!
The two-headed ogre is almost dead.
You hit the hippogriff. You barely miss the death yak.
Your shield and chain mail prevent you from hitting the death yak.
The death yak snorts and paws the ground.
The death yak gores you but does no damage.
The two-headed ogre hits you with a +0 giant spiked club!
You block the two-headed ogre's attack. The death yak barely misses you.
You hit the two-headed ogre.
The two-headed ogre is almost dead.
Your shield and chain mail prevent you from hitting the death yak.
You hit the death yak. x2; You block the death yak's attack. x2
The two-headed ogre hits you with a +0 giant spiked club.
The two-headed ogre hits you with a +0 giant club!!
* * * LOW HITPOINT WARNING * * *
You slash the two-headed ogre!
You kill the two-headed ogre!
Makhleb accepts your kill.
You feel your dexterity returning.
You hit the death yak. x2; You barely miss the death yak.
A hell rat comes into view.
The death yak gores you!
* * * LOW HITPOINT WARNING * * *
The death yak gores you. The death yak gores you!
* * * LOW HITPOINT WARNING * * *
You miss the crimson imp. You barely miss the death yak.
The hell rat roars deafeningly!
You slash the death yak! You barely miss the death yak.
The crimson imp blinks!
You block the death yak's attack. x2
Things that are here:
a +0 giant spiked club; a +0 giant club; a two-headed ogre corpse You slash the death yak!
The death yak is heavily wounded.
The crimson imp blinks!
The death yak gores you!!
* * * LOW HITPOINT WARNING * * *
You hit the death yak.
The death yak is heavily wounded.
The death yak gores you!!
You die...

##..######## * .
<...##.....## ## .#
............## , .##.
.............# * ... ,.
.............# ..###)# ,
.............####.>....#
....^†.......#......<.O. *
.)..........∩#.#5.#, * * ,
*
.............#..@###.####,
, ...............##YYH.....
....##.........##YrrZ..#.,*
#..######.##..###rrro.... *
#.## #....##..# #ooo...%. *
#. #.#####..# .r....... *
#. # *..##*..$...... #. *,*
#... .....>... , , ..* *
#...,.......... , ,,


You could see 3 death yaks, a hippogriff, 3 hell rats, 2 orc priests, a crimson
imp, 2 orcs, a wyvern zombie, a quokka and 2 rats.

Vanquished Creatures
  A tentacled starspawn (Abyss:2)
  A two-headed ogre (D:8)
  A wizard (D:7)
  An orc sorcerer (D:7)
  Menkaure (Ossuary)
  An orc warrior (D:7)
  2 sky beasts
  An ice beast (D:6)
  A phantom (D:6)
  3 ogres
  A centaur (D:6)
  2 elf zombies (Ossuary)
  4 bullfrogs
  2 scorpions
  3 killer bees (D:7)
  A howler monkey (D:4)
  A quasit (D:5)
  4 centaur zombies (Ossuary)
  3 hounds
  2 bullfrog skeletons
  An orc wizard (D:7)
  A centaur skeleton (D:6)
  Ijyb (D:5)
  4 worker ants
  An ogre zombie (Ossuary)
  A hound zombie (D:6)
  6 mummies
  6 adders
  A shadow imp (D:5)
  3 adder skeletons
  An adder zombie (Ossuary)
  A dart slug (D:3)
  2 leopard geckos
  2 orcs (D:7)
  A bat (D:1)
  2 giant cockroaches
  A gnoll zombie (Ossuary)
  A goblin (D:1)
  2 hobgoblins (D:1)
  3 jackals (D:7)
  2 quokkas (D:5)
  4 frilled lizards
  2 goblin zombies (Ossuary)
  2 hobgoblin zombies (Ossuary)
  A jackal skeleton (D:6)
  A kobold (D:1)
  A kobold zombie (Ossuary)
  A quokka zombie (D:7)
  4 rats
  4 rat zombies (Ossuary)
  2 starspawn tentacles (Abyss:2)
101 creatures vanquished.

Vanquished Creatures (others)
  3 starspawn tentacles (Abyss:2)
3 creatures vanquished.

Grand Total: 104 creatures vanquished

Notes
Turn   | Place    | Note
-------+----------+-------------------------------------------
     0 | D:1      | EnegeticOcto the Deep Dwarf Fighter began the quest for the
                  | Orb.
     0 | D:1      | Reached XP level 1. HP: 20/20 MP: 1/1
    73 | D:1      | Reached XP level 2. HP: 20/27 MP: 2/2
   211 | D:4      | Found a white marble altar of Elyvilon.
   232 | D:4      | Noticed a sky beast
   258 | D:4      | Killed a sky beast
   258 | D:4      | Reached skill level 1 in Dodging
   258 | D:4      | Reached XP level 3. HP: 10/34 MP: 3/3
   258 | D:4      | Reached XP level 4. HP: 13/42 MP: 4/4
   285 | D:4      | Reached XP level 5. HP: 35/49 MP: 4/4
   548 | D:4      | Found a staircase to the Ecumenical Temple.
   568 | Temple   | Entered the Ecumenical Temple
   575 | Temple   | Became a worshipper of Makhleb the Destroyer
   755 | D:5      | Entered Level 5 of the Dungeon
   783 | D:5      | Found a transporter.
   826 | D:5      | Found a transporter.
   827 | D:5      | Noticed Flugslaktarn's ghost (amateur DDFi)
   909 | D:5      | Reached skill level 1 in Invocations
  1197 | D:5      | Reached XP level 6. HP: 42/57 MP: 6/6
  1302 | D:5      | Reached skill level 2 in Invocations
  1313 | D:5      | Noticed Ijyb
  1341 | D:5      | Killed Ijyb
  1544 | D:6      | Reached skill level 3 in Invocations
  1545 | D:6      | Noticed an ice beast
  1548 | D:6      | Reached XP level 7. HP: 46/66 MP: 8/8
  1560 | D:6      | Reached skill level 5 in Axes
  1609 | D:6      | Found Tafyzy's Jewellery Shoppe.
  1686 | D:6      | Reached skill level 4 in Invocations
  1688 | D:6      | Reached * piety under Makhleb
  1688 | D:6      | Reached skill level 5 in Fighting
  1867 | D:6      | Reached XP level 8. HP: 54/74 MP: 10/10
  2053 | D:7      | Found a sand-covered staircase.
  2062 | Ossuary  | Entered an ossuary
  2105 | Ossuary  | Reached skill level 5 in Invocations
  2138 | Ossuary  | Reached skill level 5 in Shields
  2210 | Ossuary  | Reached skill level 5 in Armour
  2259 | Ossuary  | Noticed Menkaure
  2274 | Ossuary  | Killed Menkaure
  2274 | Ossuary  | Reached ** piety under Makhleb
  2509 | D:7      | Gained mutation: Your body sometimes deteriorates upon
                  | taking damage. [potion of mutation]
  2509 | D:7      | Gained mutation: Your spells are a little harder to cast,
                  | but a little more powerful. [potion of mutation]
  2543 | D:7      | Noticed an orc sorcerer
  2545 | D:7      | Reached skill level 6 in Invocations
  2551 | D:7      | Noticed a wizard
  2562 | D:7      | Killed an orc sorcerer
  2562 | D:7      | Gained mutation: You passively map the area around you.
                  | [Deep Dwarf growth]
  2562 | D:7      | Reached XP level 9. HP: 82/82 MP: 11/13
  2578 | D:7      | Cast into level 2 of the Abyss (a wizard)
  2600 | Abyss:2  | Noticed a spatial maelstrom
  2673 | Abyss:2  | Noticed a tentacled starspawn
  2687 | Abyss:2  | Killed a tentacled starspawn
  2687 | Abyss:2  | Reached skill level 8 in Invocations
  2689 | D:7      | Escaped the Abyss
  2704 | D:7      | Killed a wizard
  2704 | D:7      | Reached XP level 10. HP: 81/94 MP: 12/12
  2873 | D:7      | Reached skill level 9 in Invocations
  3079 | D:8      | Found Cahak's Weapon Emporium.
  3142 | D:8      | Noticed a death yak
  3142 | D:8      | Noticed a two-headed ogre
  3143 | D:8      | Found a staircase to the Lair.
  3143 | D:8      | Noticed a death yak
  3144 | D:8      | Noticed a death yak
  3156 | D:8      | Killed a two-headed ogre
  3159 | D:8      | HP: 5/144 [death yak (16)]
  3160 | D:8      | Mangled by a death yak

Levels and vault maps discovered:
D:1:      ldierk_walled_garden, layout_basic
D:2:      layout_rooms, serial_forest, infiniplex_forest_straight_2,
          infiniplex_forest_clump_double, infiniplex_forest_clump_medium,
          infiniplex_forest_clump_tiny, infiniplex_forest_pool, uniq_natasha
D:3:      layout_loops_cross, first_ration, nicolae_dithmenos_shadow_blocks,
          uniq_grinder
D:4:      minmay_angry_zag, layout_cave_pools, elyvilon_altar_4, temple_hall
D:5:      layout_cave_pods, gammafunk_ghost_stat_death,
          kennysheep_generic_room_11, uniq_ijyb
D:6:      layout_basic, serial_shops, nicolae_shop_trees
D:7:      cheibrodos_wizards_tower, layout_rooms, gup_ossuary_entry_pyramid
D:8:      layout_rooms, dpeg_lair_monsters, serial_shops, shop,
          hangedman_little_slice_of_home, uniq_maggie
Temple:   minmay_crystal_snake_temple

Skill      XL: |  1  2  3  4  5  6  7  8  9 10 |
---------------+-------------------------------+-----
Fighting       | 3 4 5 6 7 |  7.8
Axes           | 3 4 5 6 8 |  8.9
Dodging        | 1 |  1.6
Shields        | 4 5 6 |  6.9
Invocations    | 1 3 4 6 8 9 |  9.4
Armour         | 4 5 6 |  6.8

Action                   |  1- 3 |  4- 6 |  7- 9 | 10-12 || total
-------------------------+-------+-------+-------+-------++-------
Melee: War axe           |    66 |   146 |   250 |    81 ||   543
 Abil: Heal Wounds       |     2 |     6 |    16 |     2 ||    26
Evoke: Wand              |       |       |     5 |     1 ||     6
  Use: Scroll            |       |       |    19 |     2 ||    21
       Potion            |       |       |     2 |     1 ||     3
 Stab: Paralysed         |       |       |     8 |       ||     8
  Eat: Chunk             |       |     3 |     1 |     1 ||     5
       Ration            |       |       |     1 |       ||     1
Armor: Scale mail        |    27 |    90 |    87 |    23 ||   227
       Skin              |       |       |    10 |       ||    10
       Chain mail        |       |       |       |    25 ||    25
Dodge: Dodged            |    21 |    76 |    80 |    19 ||   196
Block: Kite shield       |    41 |    89 |   176 |    45 ||   351

Table legend:
 A = Non-vault XP
 B = Vault XP
 C = Vault XP percentage of total XP
 D = Non-vault monster count
 E = Vault monster count
 F = Vault count percentage of total count
                 A         B        C        D         E       F
            +---------+---------+-------+---------+---------+-------
      Total |    5650 |    2009 |  26.2 |      69 |      30 |  30.3
            +---------+---------+-------+---------+---------+-------
        D:1 |      13 |       0 |   0.0 |       9 |       0 |   0.0
        D:2 |       2 |       0 |   0.0 |       2 |       0 |   0.0
        D:3 |       4 |       0 |   0.0 |       1 |       0 |   0.0
        D:4 |     228 |      39 |  14.6 |       8 |       2 |  20.0
        D:5 |     265 |      36 |  12.0 |       9 |       1 |  10.0
        D:6 |     934 |       0 |   0.0 |      17 |       0 |   0.0
        D:7 |     815 |    1270 |  60.9 |      18 |       3 |  14.3
        D:8 |    1142 |       0 |   0.0 |       4 |       0 |   0.0
    Abyss:2 |    2247 |       0 |   0.0 |       1 |       0 |   0.0
    Ossuary |       0 |     664 | 100.0 |       0 |      24 | 100.0
            +---------+---------+-------+---------+---------+-------
